Map: Odyssey LE

Players

GoodBye - Winner!

  • Race: Terran Terran
  • League: Gold
  • Spawn Location: 11:00

Aoret

  • Race: Protoss Protoss
  • League: Gold
  • Spawn Location: 5:00

VOD

Have the link to the VOD?

Description

Time

  • Played on: June 24, 2017, 3:35 a.m.
  • Length: 10:12
Show
View Real Time Build Order
Export as new Build Order

GoodBye Terran - Winner!

Build Orders: Reaper Expand, MMM Bio 

Get SALT Encoding   

  12  0:01  SCV  
  13  0:14  SCV  
  14  0:18  Supply Depot  
  14  0:26  SCV  
  15  0:35  Refinery  
  15  0:39  SCV  
  16  0:45  Barracks  
  16  0:53  SCV  
  17  1:05  SCV  
  18  1:17  SCV  
  19  1:32  Orbital Command  
  19  1:33  Reaper  
  20  1:44  Command Center  
  20  2:01  Factory  
  20  2:03  Refinery  
  20  2:05  SCV  
  21  2:15  Barracks Reactor  
  21  2:20  Supply Depot  
  21  2:21  SCV  
  22  2:33  SCV  
  23  2:45  SCV  
  23  2:48  Starport, Widow Mine  
  23  2:50  Marine x2  
  28  3:02  SCV  
  28  3:03  Orbital Command  
  29  3:08  Marine  
  30  3:13  Marine  
  30  3:14  SCV  
  30  3:16  Supply Depot  
  32  3:25  Widow Mine  
  32  3:26  Marine  
  35  3:30  Marine  
  35  3:31  Medivac  
  38  3:40  SCV  
  39  3:46  SCV  
  39  3:47  Marine  
  41  3:48  Marine  
  41  3:53  SCV  
  43  3:57  Factory Tech Lab  
  43  4:01  Barracks  
  43  4:06  Starport Tech Lab  
  43  4:10  Barracks  
  43  4:13  Marine x2  
  45  4:22  SCV  
  45  4:23  SCV  
  47  4:27  Factory Reactor  
  47  4:32  Marine x2  
  47  4:34  SCV  
  47  4:35  SCV  
  47  4:37  Supply Depot, Starport Reactor  
  51  4:45  Supply Depot  
  51  4:47  SCV  
  52  4:58  SCV  
  52  4:59  SCV  
  52  5:10  SCV, Widow Mine x2  
  57  5:16  Engineering Bay x2  
  57  5:28  Supply Depot, SCV x2  
  59  5:29  Marine x2  
  59  5:31  Stimpack  
  61  5:37  Combat Shields  
  61  5:39  Widow Mine x2  
  61  5:40  SCV x2  
  65  5:46  Terran Infantry Weapons Level 1  
  65  5:47  Terran Infantry Armor Level 1  
  65  5:50  Barracks  
  65  5:52  Marine, SCV x2, Barracks, Marauder x2  
  72  5:57  Refinery  
  73  6:04  SCV x2  
  73  6:07  Widow Mine  
  73  6:10  Missile Turret x2  
  76  6:13  Viking  
  78  6:20  Missile Turret  
  78  6:22  Supply Depot  
  78  6:24  Supply Depot  
  78  6:25  Medivac  
  80  6:27  Marine  
  80  6:28  Marauder  
  80  6:30  SCV x2  
  85  6:43  Widow Mine x2  
  85  6:44  Medivac  
  85  6:45  Barracks Tech Lab  
  91  6:50  Barracks Reactor  
  91  6:53  Marine x2  
  91  6:54  Marine, Marauder  
  96  6:55  Medivac  
  96  6:56  Refinery  
  96  7:14  Medivac  
  98  7:47  Marine x2, Marauder  
  102  7:56  Marine x2  
  102  7:57  Armory, Marauder x2  
  102  7:58  Supply Depot  
  108  8:00  Supply Depot  
  108  8:01  Supply Depot  
  108  8:09  Command Center, Marauder  
  108  8:12  Marine  
  110  8:18  Supply Depot  
  110  8:19  Marine, Widow Mine  
  117  8:20  Marauder x2  
  117  8:21  Widow Mine  
  117  8:25  Barracks  
  119  8:30  Starport, Marauder  
  121  8:41  Marauder  
  110  8:53  Marine x4, Widow Mine x2, Marauder x2  
  121  9:02  Marauder  
  120  9:09  Starport Tech Lab  
  118  9:10  Marine x2  
  118  9:11  Marine  
  118  9:14  Marine  
  118  9:15  Marauder x2  
  126  9:24  Marauder  
  128  9:28  Marine  
  129  9:36  Marauder  
  128  9:40  Marine x3, Marauder  
  128  9:45  Marauder  
Show
View Real Time Build Order
Export as new Build Order

Aoret Protoss 

Build Orders: 1 Gate Expand 

Get SALT Encoding   

  12  0:01  Probe (Chrono Boost)  
  13  0:11  Probe (Chrono Boost)  
  14  0:18  Pylon  
  14  0:22  Probe (Chrono Boost)  
  15  0:36  Gateway  
  15  0:38  Probe (Chrono Boost)  
  16  0:43  Assimilator  
  16  0:48  Probe (Chrono Boost)  
  17  0:59  Probe (Chrono Boost)  
  18  1:09  Probe (Chrono Boost)  
  19  1:23  Nexus  
  19  1:26  Probe (Chrono Boost)  
  20  1:37  Cybernetics Core  
  20  1:44  Probe (Chrono Boost)  
  20  1:45  Assimilator  
  21  2:00  Pylon  
  21  2:02  Probe (Chrono Boost)  
  22  2:12  Probe (Chrono Boost)  
  23  2:18  Adept  
  25  2:23  Mothership Core (Chrono Boost)  
  25  2:28  Warp Gate  
  27  2:37  Gateway  
  27  2:41  Probe (Chrono Boost)  
  28  2:46  Probe (Chrono Boost)  
  29  2:52  Probe (Chrono Boost)  
  29  2:57  Probe (Chrono Boost)  
  31  3:02  Probe (Chrono Boost)  
  32  3:07  Probe (Chrono Boost)  
  33  3:13  Probe (Chrono Boost), Robotics Facility  
  33  3:18  Probe (Chrono Boost)  
  35  3:36  Probe x2 (Chrono Boost)  
  37  3:47  Probe x2 (Chrono Boost), Pylon  
  37  3:48  Stalker x2  
  43  3:57  Probe (Chrono Boost)  
  43  3:58  Probe (Chrono Boost)  
  43  4:00  Observer  
  46  4:08  Twilight Council  
  46  4:13  Probe x2 (Chrono Boost)  
  48  4:18  Gateway  
  48  4:22  Gateway, Pylon  
  48  4:23  Probe (Chrono Boost)  
  50  4:24  Probe (Chrono Boost)  
  50  4:34  Probe (Chrono Boost)  
  50  4:35  Probe (Chrono Boost)  
  50  5:15  Probe x2 (Chrono Boost)  
  52  5:34  Resonating Glaives  
  50  5:35  Pylon  
  50  5:37  Pylon  
  50  5:42  Gateway  
  50  5:43  Gateway  
  50  5:44  Observer (Chrono Boost)  
  50  5:45  Gateway  
  50  5:46  Gateway  
  50  5:47  Probe (Chrono Boost)  
  50  5:48  Probe (Chrono Boost)  
  53  5:58  Adept x4  
  53  6:03  Warp Prism (Chrono Boost)  
  63  6:35  Immortal (Chrono Boost)  
  63  6:38  Assimilator  
  67  6:41  Assimilator  
  67  6:53  Forge  
  67  6:55  Forge  
  65  7:07  Adept x8  
  73  7:20  Blink  
  73  7:23  Probe x2  
  75  7:30  Stalker  
  75  7:36  Pylon  
  77  7:37  Pylon  
  77  7:41  Pylon  
  77  7:51  Robotics Bay, Protoss Ground Armor Level 1 (Chrono Boost), Protoss Ground Weapons Level 1 (Chrono Boost)  
  77  7:54  Probe, Nexus, Immortal  
  77  7:55  Probe  
  77  7:57  Pylon  
  77  7:58  Pylon, Stalker x4  
  89  7:59  Stalker  
  89  8:00  Pylon  
  93  8:18  Probe x2  
  95  8:21  Adept x3  
  95  8:22  Adept x3  
  107  8:30  Probe x2  
  107  8:34  Immortal  
  96  8:57  Zealot x4  
  96  8:58  Zealot x3  
  106  9:11  Stalker  
  108  9:34  Nexus  
  108  9:37  Adept x2  
  102  9:47  Adept x2  
  88  9:56  Adept x2  
  74  10:06  Adept  
  62  10:07  Adept  
Tags
 
Add a new tag
Caveats
  • Supply blocks, unpowered buildings, or Contaminate may cause inaccurate times.
  • Supply counts are checked every 10 seconds.